Map: Cerulean Fall LE

Players

Denver

  • Race: Zerg Zerg
  • League: Grandmaster
  • Spawn Location: 1:00

Lambo - Winner!

  • Race: Zerg Zerg
  • League: Grandmaster
  • Spawn Location: 7:00

VOD

Have the link to the VOD?

Description

Time

  • Played on: Dec. 2, 2018, 1:37 p.m.
  • Length: 9:15
Show
View Real Time Build Order
Export as new Build Order

Denver Zerg 

Build Orders: Hatch First 

Get SALT Encoding   

  12  0:01  Drone  
  13  0:13  Overlord  
  13  0:18  Drone  
  14  0:31  Drone  
  14  0:32  Drone  
  16  0:49  Hatchery  
  15  0:52  Drone  
  15  0:56  Drone  
  17  0:59  Drone  
  18  1:10  Extractor  
  17  1:15  Spawning Pool  
  16  1:19  Drone  
  16  1:22  Drone  
  18  1:29  Drone  
  19  1:39  Drone  
  20  1:53  Drone  
  21  2:01  Overlord  
  21  2:02  Queen x2, Zergling x2  
  26  2:11  Metabolic Boost  
  26  2:14  Drone x2  
  28  2:23  Drone x2  
  30  2:37  Hatchery  
  30  2:40  Drone  
  30  2:41  Drone  
  31  2:45  Drone  
  31  2:46  Drone  
  33  2:54  Overlord  
  33  2:56  Zergling x2  
  34  3:00  Queen  
  36  3:06  Baneling Nest  
  36  3:07  Zergling x2  
  36  3:14  Zergling x6  
  36  3:16  Zergling x2  
  36  3:17  Drone  
  41  3:22  Overlord  
  41  3:25  Drone  
  41  3:27  Drone  
  43  3:28  Drone  
  44  3:40  Overlord  
  44  3:42  Drone x2  
  44  3:43  Drone  
  44  3:44  Evolution Chamber  
  44  3:46  Drone  
  47  3:50  Baneling x2  
  47  3:53  Drone  
  48  3:56  Drone x3  
  49  4:05  Extractor  
  49  4:08  Drone x3  
  51  4:15  Zerg Missile Weapons Level 1  
  48  4:18  Roach Warren, Drone x4  
  48  4:23  Drone  
  51  4:25  Zergling x2  
  51  4:26  Zergling x4  
  51  4:28  Drone x2  
  51  4:30  Drone  
  57  4:33  Drone  
  57  4:37  Lair  
  58  4:42  Zergling x4  
  60  4:47  Baneling  
  60  4:48  Baneling x2  
  60  4:49  Zergling x10  
  64  4:53  Extractor, Overlord  
  64  4:57  Overlord  
  63  5:01  Extractor  
  63  5:06  Drone x4, Overlord  
  66  5:10  Overlord  
  66  5:14  Overlord  
  65  5:21  Drone x8  
  65  5:25  Extractor x2  
  65  5:27  Drone x2  
  65  5:28  Drone x2  
  75  5:36  Glial Reconstitution  
  75  5:38  Drone  
  75  5:40  Overlord  
  75  5:41  Pneumatized Carapace  
  74  5:51  Hatchery, Overseer, Overlord  
  74  5:54  Baneling x2  
  74  5:57  Drone x2, Evolution Chamber  
  74  5:58  Drone  
  74  6:00  Drone x2  
  77  6:06  Drone  
  77  6:07  Drone x4  
  82  6:11  Drone  
  82  6:12  Overlord  
  82  6:15  Roach  
  82  6:16  Roach  
  86  6:20  Roach x2  
  86  6:21  Roach  
  91  6:27  Roach x4  
  99  6:33  Queen x2  
  99  6:38  Roach x2  
  106  6:44  Roach  
  106  6:45  Roach x3  
  113  6:47  Queen  
  115  6:55  Roach x5  
  115  6:56  Roach  
  115  6:57  Overlord  
  127  7:06  Spore Crawler  
  127  7:08  Zerg Ground Armor Level 1  
  121  7:15  Spore Crawler  
  121  7:19  Queen  
  122  7:29  Queen  
  122  7:36  Overlord  
  124  7:37  Overlord  
  124  7:38  Queen, Infestation Pit  
  119  7:51  Roach x9  
  119  7:53  Overlord  
  119  7:54  Queen  
  119  7:58  Overlord  
  127  8:05  Queen  
  108  8:14  Infestor x6  
  106  8:21  Queen  
  106  8:24  Drone x3  
  106  8:25  Drone  
  106  8:26  Drone  
  105  8:30  Drone  
  100  8:40  Roach  
  100  8:41  Roach x4  
  106  8:53  Roach x4  
  108  9:00  Spore Crawler  
  107  9:05  Spore Crawler  
Show
View Real Time Build Order
Export as new Build Order

Lambo Zerg - Winner!

Build Orders: Hatch First, Muta Ling Bane 

Get SALT Encoding   

  12  0:01  Drone  
  13  0:13  Overlord  
  13  0:17  Drone  
  14  0:31  Drone x2  
  16  0:50  Hatchery  
  16  0:52  Drone  
  16  0:56  Drone  
  17  0:59  Drone  
  18  1:09  Extractor  
  17  1:14  Spawning Pool  
  17  1:18  Drone  
  17  1:21  Drone  
  18  1:29  Drone  
  19  1:40  Drone  
  20  1:51  Drone  
  21  2:01  Queen x2  
  21  2:02  Drone, Overlord  
  26  2:09  Metabolic Boost  
  26  2:12  Drone  
  26  2:13  Drone  
  28  2:25  Zergling x4  
  30  2:37  Hatchery  
  30  2:39  Drone  
  30  2:42  Drone  
  31  2:46  Baneling Nest  
  31  2:49  Drone  
  31  2:53  Overlord  
  31  3:04  Drone x2  
  33  3:08  Drone  
  33  3:11  Drone  
  33  3:12  Zergling x4, Drone x2  
  39  3:17  Drone  
  39  3:19  Overlord  
  40  3:22  Drone  
  40  3:24  Drone  
  42  3:30  Drone  
  42  3:31  Drone  
  44  3:35  Baneling x2  
  44  3:36  Baneling  
  44  3:37  Queen, Baneling  
  44  3:38  Baneling  
  44  3:40  Zergling x2  
  47  3:43  Zergling x4  
  47  3:46  Zergling x4  
  51  3:53  Drone x2  
  52  3:55  Overlord  
  52  3:57  Drone  
  52  4:00  Extractor  
  52  4:01  Extractor  
  52  4:02  Zergling x4  
  52  4:07  Drone  
  53  4:10  Drone  
  53  4:13  Lair  
  53  4:16  Drone x5  
  59  4:21  Zergling x6  
  59  4:26  Overlord  
  59  4:31  Drone  
  59  4:34  Overlord  
  60  4:40  Drone x2  
  60  4:44  Drone x2  
  63  4:47  Drone  
  63  4:48  Drone x2  
  63  4:50  Extractor  
  64  4:54  Drone x2  
  64  4:55  Drone x3, Overlord  
  69  5:00  Extractor  
  69  5:02  Extractor  
  67  5:12  Drone x4  
  67  5:13  Drone  
  72  5:19  Spire  
  71  5:22  Zergling x18  
  71  5:26  Evolution Chamber  
  77  5:36  Drone x2  
  77  5:37  Drone  
  77  5:41  Hatchery  
  77  5:42  Baneling x3  
  79  5:46  Drone x3  
  82  5:55  Drone x2  
  82  5:56  Drone  
  85  5:57  Drone x2  
  85  5:59  Zergling x6  
  83  6:21  Drone x2  
  83  6:22  Overlord  
  83  6:24  Extractor  
  81  6:29  Extractor  
  81  6:30  Mutalisk x5  
  90  6:37  Baneling x3  
  90  6:38  Overlord  
  90  6:39  Zerg Flyer Weapons Level 1  
  90  6:40  Centrifical Hooks, Zerg Melee Weapons Level 1  
  90  6:43  Mutalisk x4  
  95  6:49  Baneling x2  
  95  6:50  Mutalisk  
  95  6:52  Drone  
  95  6:53  Overlord x2  
  98  6:54  Queen, Drone x2  
  98  7:01  Mutalisk  
  101  7:04  Zergling x14  
  110  7:14  Mutalisk x3  
  115  7:15  Baneling  
  115  7:19  Zergling x8  
  115  7:20  Overseer  
  119  7:26  Mutalisk  
  119  7:27  Zergling x8  
  119  7:28  Zergling x6  
  127  7:35  Overlord  
  127  7:38  Overlord x2  
  127  7:40  Overlord  
  127  7:42  Overlord  
  127  7:47  Overlord  
  127  7:48  Overlord  
  127  7:49  Mutalisk  
  126  7:55  Mutalisk x5  
  126  7:57  Zergling x6  
  137  7:58  Overseer  
  137  8:01  Mutalisk  
  137  8:03  Zergling x6  
  137  8:10  Mutalisk x2  
  123  8:21  Mutalisk  
  123  8:24  Zergling x4  
  117  8:33  Zergling x10  
  122  8:41  Zergling x10  
  121  8:52  Drone x4  
Tags
 
Add a new tag
Caveats
  • Supply blocks, unpowered buildings, or Contaminate may cause inaccurate times.
  • Supply counts are checked every 10 seconds.